[Event "28th CRO-chT Women 2019"]
[Site "Mali Losinj"]
[Date "2019.10.05"]
[Round "9.4"]
[White "Bogdanic, Katarina"]
[Black "Balent, Sara"]
[Result "1-0"]
[ECO "E18"]
[WhiteElo "1899"]
[BlackElo "1132"]
[Annotator "NA"]
[PlyCount "35"]
[EventDate "2019.09.28"]
[EventType "team-tourn"]
[EventCountry "CRO"]
[SourceTitle "playchess.com"]
[Source "ChessBase"]
[SourceQuality "1"]
[TimeControl "40/5400+30:1800+30"]

1. Nf3 Nf6 2. c4 e6 3. g3 Be7 4. Bg2 O-O 5. O-O d5 6. d4 b6 7. cxd5 exd5 8. Nc3 Bb7 9. Bf4 Nbd7 10. Nb5 c5 11. Bc7 Qe8 12. Nd6 Bxd6 13. Bxd6 Rc8 14. Bxf8 Qxf8 15. Rc1 Qe7 16. e3 Ne4 17. Bh3 Re8 18. Qa4 1-0

[Event "28th CRO-chT Women 2019"]
[Site "Mali Losinj"]
[Date "2019.10.05"]
[Round "9.8"]
[White "Ascic, Josipa"]
[Black "Vujnovic, Patricija"]
[Result "0-1"]
[ECO "B15"]
[WhiteElo "1692"]
[BlackElo "2052"]
[Annotator "NA"]
[PlyCount "76"]
[EventDate "2019.09.28"]
[EventType "team-tourn"]
[EventCountry "CRO"]
[SourceTitle "playchess.com"]
[Source "ChessBase"]
[SourceQuality "1"]
[TimeControl "40/5400+30:1800+30"]

1. e4 c6 2. d4 d5 3. Nc3 dxe4 4. Nxe4 Nf6 5. Nxf6+ exf6 6. c3 Bd6 7. Bd3 O-O 8. Qc2 Re8+ {[%emt 0:00:30] B15: Caro-Kann: 3 Nc3: 3...g6 and 3...dxe4 4 Nxe4 Nf6 5 Nxf6+ exf6} 9. Ne2 h5 10. Be3 Nd7 11. O-O-O Nf8 12. Bf4 $146 ({Predecessor:} 12. Kb1 Be6 13. c4 Rc8 14. h3 h4 15. Rdg1 b5 16. c5 {½-½ (45) Saric,I (2669)-Howell,D (2676) Riadh 2017}) 12... Rxe2 13. Bxe2 Bxf4+ 14. Kb1 Be6 15. g3 Bd6 16. Bxh5 Qa5 17. Be2 Qxa2+ 18. Kc1 Bb3 19. Qb1 Qxb1+ 20. Kxb1 Bxd1 21. Bxd1 Re8 22. Kc2 a5 23. h4 Ne6 24. h5 b5 25. Bf3 Rc8 26. h6 g6 27. d5 Ng5 28. Bg2 c5 29. f4 Nh7 30. Bf1 b4 31. c4 a4 32. Bd3 f5 33. Ra1 Ra8 34. Be2 Nf6 35. Bf3 Kh7 36. Rh1 Ng8 37. g4 fxg4 38. Bxg4 f5 $19 0-1